 Dungeon Crawl Stone Soup version 0.30-a0-341-g6827065 (webtiles) character file.

Game seed: 743108256090821203

326 Dorkslayer the Slasher (level 6, -3/48 HPs)
             Began as a Human Fighter on Oct 31, 2022.
             Slain by Dega's ghost (6 damage)
             ... on level 4 of the Dungeon.
             The game lasted 00:06:02 (3100 turns).

Dorkslayer the Slasher (Human Fighter)              Turns: 3100, Time: 00:06:03

Health: -3/48      AC: 10    Str: 16    XL:     6   Next: 79%
Magic:  6/6        EV:  7    Int:  8    God:
Gold:   128        SH:  5    Dex: 15    Spells: 5/5 levels left

rFire   . . .      SeeInvis .    a - +0 long sword
rCold   . . .      Faith    .    c - +0 buckler
rNeg    . . .      Spirit   .    h - +0 chain mail
rPois   .          Reflect  .    j - +0 helmet
rElec   .          Harm     .    (no cloak)
rCorr   .          Rampage  .    (no gloves)
Will    .....                    (no boots)
Stlth   ..........               (no amulet)
HPRegen 0.28/turn                (no ring)
MPRegen 0.10/turn                (no ring)

@: no status effects
A: no striking features
a: no special abilities


You were on level 4 of the Dungeon.
You visited 1 branch of the dungeon, and saw 4 of its levels.

You collected 128 gold pieces.

Inventory:

Hand Weapons
 a - a +0 long sword (weapon)
Armour
 c - a +0 buckler (worn)
 h - a +0 chain mail (worn)
 j - a +0 helmet (worn)
Scrolls
 g - a scroll of torment {unknown}
 k - a scroll of teleportation {unknown}
 l - a scroll of blinking {unknown}
 m - a scroll of enchant armour {unknown}
Potions
 e - a potion of magic
 i - a potion of brilliance


   Skills:
 + Level 3.9 Fighting
 + Level 4.2 Long Blades
 + Level 3.9 Armour
 * Level 2.6 Dodging
 + Level 3.4 Shields


You had 5 spell levels left.
You didn't know any spells.
Your spell library contained the following spells:

 Spells                   Type           Power      Damage    Failure   Level
 Magic Dart               Conj           0%         1d3       100%        1
 Searing Ray              Conj           0%         2d4       100%        2
 Static Discharge         Conj/Air       0%         2-2/arc   100%        2
 Vhi's Electric Charge    Tloc/Air       0%         N/A       100%        3
 Fulminant Prism          Conj/Hex       0%         3d5       100%        4
 Summon Lightning Spire   Summ/Air       0%         N/A       100%        4
 Arcjolt                  Conj/Air       0%         1d10      100%        5
 Lightning Bolt           Conj/Air       0%         1d11      100%        5
 Haunt                    Necr/Summ      0%         N/A       100%        7
 Chain Lightning          Conj/Air       0%         N/A       100%        9


Dungeon Overview and Level Annotations

Branches:
Dungeon (4/15)
 Temple: D:4-7

Altars:

Annotations:
D:4 Dega's ghost, novice SpHu


Message History

It was a potion of curing.
You feel better.
Dega's ghost hits you but does no damage.
You closely miss Dega's ghost.
Dega's ghost is severely damaged.
You block Dega's ghost's attack.
You barely miss Dega's ghost.
Dega's ghost is severely damaged.
Dega's ghost hits you but does no damage.
You miss Dega's ghost.
Dega's ghost is severely damaged.
Dega's ghost barely misses you.
You miss Dega's ghost.
Dega's ghost is severely damaged.
Dega's ghost hits you!
* * * LOW HITPOINT WARNING * * *
Dega's ghost hits you!
* * * LOW HITPOINT WARNING * * *
You closely miss Dega's ghost.
Dega's ghost is severely damaged.
You block Dega's ghost's attack.
You closely miss Dega's ghost.
Dega's ghost is severely damaged.
A quokka comes into view.
Dega's ghost hits you but does no damage.
You closely miss Dega's ghost.
Dega's ghost is severely damaged.
You block Dega's ghost's attack.
You completely miss Dega's ghost.
Dega's ghost is severely damaged.
Dega's ghost hits you but does no damage. x2
You slash Dega's ghost!
Dega's ghost is almost destroyed.
Dega's ghost hits you.
* * * LOW HITPOINT WARNING * * *
You miss Dega's ghost.
Dega's ghost is almost destroyed.
The quokka bites you.
* * * LOW HITPOINT WARNING * * *
Dega's ghost hits you.
You die...

###.....###.# #..............
..#......##)#######..........####
#.#.#'#..##.#................#
#.#.#.#..##.'................#
#...#.#..####........#########
#####.#..# #........#
....#.#..####........############
.............[...r...............
###.#.#...##.###@###.##.......###
...............#W# #.#.......##
.......[.......{B###.#.......#
....#########...B.##.#....#.#####
....#.......#.....##.#....+......
....#..#.#..#.....##.#....##.####
....#...#...'.....##.#....##.#
.#..#.?.....'.!...##.####.##.#
....#...#...'.............##.#


You could see Dega's ghost, a quokka and 2 giant cockroaches.

Vanquished Creatures
  2 phantoms (D:4)
  An iguana (D:4)
  An orc wizard (D:4)
  Robin (D:2)
  5 adders
  A worm (D:2)
  2 dart slugs
  2 orcs
  6 ball pythons
  2 bats
  7 endoplasms
  3 giant cockroaches
  13 goblins
  9 hobgoblins
  3 quokkas
  2 frilled lizards (D:1)
  4 kobolds
  5 rats
69 creatures vanquished.

Vanquished Creatures (others)
  A goblin (D:2)
1 creature vanquished.

Grand Total: 70 creatures vanquished

Notes
Turn   | Place    | Note
-------+----------+-------------------------------------------
     0 | D:1      | Dorkslayer the Human Fighter began the quest for the Orb.
     0 | D:1      | Reached XP level 1. HP: 18/18 MP: 1/1
    98 | D:1      | Reached XP level 2. HP: 24/24 MP: 2/2
   630 | D:2      | Reached XP level 3. HP: 22/29 MP: 3/3
   787 | D:2      | Reached skill level 1 in Dodging
   852 | D:2      | Noticed Robin
   881 | D:2      | Reached XP level 4. HP: 16/34 MP: 4/4
   885 | D:2      | Killed Robin
   886 | D:2      | Reached skill level 3 in Long Blades
  1040 | D:2      | Got the Compilation of the Wind and Misery
  1752 | D:3      | Reached XP level 5. HP: 39/41 MP: 5/5
  2332 | D:4      | Found a runed translucent gate.
  2332 | D:4      | Found a runed translucent gate.
  2332 | D:4      | Found a runed translucent gate.
  2338 | D:4      | Noticed Dega's ghost (novice SpHu)
  2483 | D:4      | Noticed a phantom
  2498 | D:4      | Killed a phantom
  2499 | D:4      | Reached XP level 6. HP: 24/48 MP: 6/6
  2711 | D:4      | Reached skill level 4 in Long Blades
  3100 | D:4      | Slain by Dega's ghost

Illustrated notes

Levels and vault maps discovered:
D:1:      mrwooster_arrival_statue_3, layout_rooms
D:2:      layout_basic, uniq_robin
D:3:      layout_basic, hangedman_decor_lopped
D:4:      layout_basic, gammafunk_ghost_split, grunt_tough_drop

Skill      XL: |  1  2  3  4  5  6 |
---------------+-------------------+-----
Dodging        | 1 2 |  2.6
Long Blades    | 3 4 |  4.2
Fighting       | |  3.9
Armour         | |  3.9
Shields        | |  3.4

Action                   |  1- 3 |  4- 6 || total
-------------------------+-------+-------++-------
Melee: Long sword        |    93 |   186 ||   279
  Use: Potion            |     1 |     4 ||     5
       Scroll            |       |     6 ||     6
Armor: Scale mail        |    25 |       ||    25
       Chain mail        |    40 |   116 ||   156
Dodge: Dodged            |    35 |    46 ||    81
Block: Buckler           |    22 |    47 ||    69

Table legend: (Time is in decaauts)
 A = Elapsed time spent in this place.
 B = Non-inter-level travel time spent in this place.
 C = Inter-level travel time spent in this place.
 D = Time resting spent in this place.
 E = Time spent auto-exploring this place.
 F = Levels seen in this place.
 G = Mean time per level.
                   A        B        C        D        E       F      G
               +--------+--------+--------+--------+--------+-----+--------+
         Total |   3178 |   3178 |      0 |      0 |   1993 |   4 |  794.5 |
       Dungeon |   3178 |   3178 |      0 |      0 |   1993 |   4 |  794.5 |
               +--------+--------+--------+--------+--------+-----+--------+

Top non-repeatable levels by time:
     D:4: 913 daAuts
     D:3: 900 daAuts
     D:2: 735 daAuts
     D:1: 628 daAuts
